 Dungeon Crawl Stone Soup version 0.24-a0-537-g2d01d4ab0a (webtiles) character file.

Game seed: 17687457198593434651

44 Mithandil the Conjurer (level 3, -2/20 HPs)
             Began as a Tengu Conjurer on Aug 12, 2019.
             Killed from afar by an orc wizard (10 damage)
             ... with a puff of frost
             ... on level 2 of the Dungeon.
             The game lasted 00:04:57 (620 turns).

Mithandil the Conjurer (Tengu Conjurer)              Turns: 620, Time: 00:04:57

Health: -2/20      AC:  2    Str:  9    XL:     3   Next: 62%
Magic:  3/7        EV: 13    Int: 15    God:
Gold:   29         SH:  0    Dex: 14    Spells: 4/7 levels left

rFire    . . .     SeeInvis .   e - +0 dagger
rCold    . . .     Gourm    .   (no shield)
rNeg     . . .     Faith    .   a - +0 robe
rPois    .         Spirit   .   (helmet restricted)
rElec    .         Reflect  .   (no cloak)
rCorr    .         Harm     .   (no gloves)
MR       .....                  (boots unavailable)
Stlth    ++........             (no amulet)
HPRegen  0.06/turn              (no ring)
MPRegen  0.10/turn              (no ring)

@: no status effects
A: beak, talons 3
a: no special abilities


You were on level 2 of the Dungeon.
You were not hungry.

You visited 1 branch of the dungeon, and saw 2 of its levels.

You collected 29 gold pieces.

Inventory:

Hand Weapons
 e - a +0 dagger (weapon)
Missiles
 b - 30 stones (quivered)
 g - 18 arrows
 h - 4 silver javelins
Armour
 a - a +0 robe (worn)
Jewellery
 d - a +3 ring of strength {unknown}
Comestibles
 c - 2 rations
 f - a chunk of flesh


   Skills:
 + Level 0.9 Fighting
 + Level 2.6 Dodging
 + Level 2.3 Stealth
 * Level 2.5 Spellcasting
 * Level 5.8 Conjurations


You had 4 spell levels left.
You knew the following spells:

 Your Spells              Type           Power        Failure   Level  Hunger
a - Magic Dart            Conj           ###.         1%          1    #......
b - Searing Ray           Conj           ###...       3%          2    ###....

Your spell library contained the following spells:

 Spells                   Type           Power        Failure   Level  Hunger
 Dazzling Spray           Conj/Hex       ##....       19%         3    ###....
 Iskenderun's Mystic Bla  Conj           ###.....     19%         4    #####..
 Force Lance              Conj/Tloc      ##......     54%         4    #####..
 Fulminant Prism          Conj/Hex       ##........   54%         4    #####..


Dungeon Overview and Level Annotations

Branches:
Dungeon (2/15)

Altars:
Nemelex Xobeh


Innate Abilities, Weirdness & Mutations

You have a beak for a mouth.
You have claws for feet.


Message History

Casting: Magic Dart (safe; 1% risk of failure)
Confirm with . or Enter, or press ? or * to list all spells.
You don't know that spell.
Casting: Magic Dart (safe; 1% risk of failure)
Confirm with . or Enter, or press ? or * to list all spells.
Aiming: Searing Ray (safe; 3% risk of failure)
Press: ? - help, Shift-Dir - straight line, f/p - orc wizard
Aim: an orc wizard, wielding a +0 dagger and wearing a +0 robe of cold resistance The searing ray hits the orc wizard.
The orc wizard is moderately wounded. (Press . to maintain the ray.)
The orc wizard casts a spell at you. The puff of flame hits you!
Ouch! That really hurt!
The searing ray hits the orc wizard but does no damage.
The orc wizard is moderately wounded.
The orc wizard gestures at you while chanting.
The puff of frost hits you!
Ouch! That really hurt!
You die...

..%.... .......
###......!
#####........#
..####.....##..).#.
.......#o..# ....g
#####..### ....
##o..## #.# #@.###
. #...## .....###
...... #####


You could see 2 orc wizards.

Vanquished Creatures
  An orc priest (D:2)
  A leopard gecko (D:1)
  A ball python (D:1)
  2 goblins
  2 hobgoblins (D:1)
  4 bats (D:1)
  2 kobolds (D:1)
  2 rats (D:1)
15 creatures vanquished.

Notes
Turn   | Place    | Note
-------+----------+-------------------------------------------
     0 | D:1      | Mithandil the Tengu Conjurer began the quest for the Orb.
     0 | D:1      | Reached XP level 1. HP: 10/10 MP: 4/4
   254 | D:1      | Reached XP level 2. HP: 14/15 MP: 3/6
   258 | D:1      | Learned a level 2 spell: Searing Ray
   337 | D:1      | Found a sparkling altar of Nemelex Xobeh.
   543 | D:2      | Reached XP level 3. HP: 17/20 MP: 1/7
   620 | D:2      | Killed from afar by an orc wizard

Levels and vault maps discovered:
D:1:      lemuel_arrival_broad_hall, layout_basic, grunt_decor_cap,
          nemelex_diamond_rough_becter
D:2:      layout_rooms, old_standard_altar,
          chequers_ecumenical_altar_simple_redux, hangedman_decor_opposing,
          uniq_robin

Action                   || total
-------------------------++-------
Melee: Dagger            ||     8
       Kick              ||     1
 Cast: Magic Dart        ||    24
       Searing Ray       ||     2
  Use: Scroll            ||     1
       Potion            ||     1
Armor: Robe              ||     3
Dodge: Dodged            ||    11

Table legend:
 A = Non-vault XP
 B = Vault XP
 C = Vault XP percentage of total XP
 D = Non-vault monster count
 E = Vault monster count
 F = Vault count percentage of total count
                 A         B        C        D         E       F
            +---------+---------+-------+---------+---------+-------
      Total |      62 |       2 |   3.1 |      14 |       1 |   6.7
            +---------+---------+-------+---------+---------+-------
        D:1 |      21 |       0 |   0.0 |      13 |       0 |   0.0
        D:2 |      41 |       2 |   4.7 |       1 |       1 |  50.0
            +---------+---------+-------+---------+---------+-------
